 Dungeon Crawl Stone Soup version 0.29-a0-577-gafbf2c5d25 (webtiles) character file.

Game seed: 17401489632525470970

63 xian the Grasshopper (level 3, 0/27 HPs)
             Began as a Palentonga Wanderer on June 13, 2022.
             Succumbed to an adder's poison
             ... on level 2 of the Dungeon.
             The game lasted 00:03:58 (1156 turns).

xian the Grasshopper (Palentonga Wanderer)          Turns: 1156, Time: 00:03:59

Health: 0/27       AC:  8    Str: 15    XL:     3   Next: 87%
Magic:  4/4        EV:  9    Int: 12    God:
Gold:   94         SH:  5    Dex: 17    Spells: 3/4 levels left

rFire   . . .      SeeInvis +   h - +1 short sword
rCold   . . .      Faith    .   e - +0 buckler {AC+3}
rNeg    . . .      Spirit   .   d - +0 leather armour
rPois   .          Reflect  .   b - +0 helmet
rElec   .          Harm     .   (no cloak)
rCorr   .          Rampage  .   (no gloves)
Will    .....                   (no barding)
Stlth   ++........              (no amulet)
HPRegen 0.09/turn               f - +6 ring of dexterity
MPRegen 0.09/turn               (no ring)

@: lethally poisoned (0 -> -8)
A: large, rugged brown scales 3, see invisible, deformed body, roll 1, armoured
tail
a: Rolling Charge


You were on level 2 of the Dungeon.
You visited 1 branch of the dungeon, and saw 2 of its levels.

You collected 94 gold pieces.

Inventory:

Hand Weapons
 h - a +1 short sword (weapon)
Armour
 b - a +0 helmet (worn)
 d - a +0 leather armour (worn)
 e - a +0 buckler of protection (worn)
Jewellery
 f - a +6 ring of dexterity (left hand)
 g - a ring of magical power
Wands
 j - a wand of paralysis (3)
Scrolls
 a - a scroll of enchant weapon


   Skills:
 + Level 1.1 Fighting
 + Level 0.6 Short Blades
 + Level 0.5 Maces & Flails
 + Level 0.2 Armour
 + Level 1.3 Dodging
 + Level 2.4 Stealth
 + Level 2.3 Shields
 + Level 1.0 Spellcasting
 + Level 2.5 Translocations


You had 3 spell levels left.
You knew the following spells:

 Your Spells              Type           Power      Damage    Failure   Level
a - Apportation           Tloc           12%        N/A       17%         1

Your spell library contained the following spells:

 Spells                   Type           Power      Damage    Failure   Level
 Gell's Gravitas          Tloc           6%         N/A       45%         3


Dungeon Overview and Level Annotations

Branches:
Dungeon (2/15)

Altars:


Innate Abilities, Weirdness & Mutations

You are completely covered in rugged brown scales. (AC +3, +7% HP)
You have supernaturally acute eyesight. (SInv)
Armour fits poorly on your strangely shaped body.
You can roll at nearby foes to attack.
You have a long armoured tail.


Message History

The adder is almost dead.
You feel sick. The adder bites you. x2
You puncture the adder!
You kill the adder!
You feel sick.
You are no longer poisoned.
You hit the gnoll.
The gnoll is heavily wounded.
The gnoll hits you with a +0 whip.
You closely miss the gnoll.
The gnoll is heavily wounded.
The gnoll hits you with a +0 whip.
* * * LOW HITPOINT WARNING * * *
You block the gnoll's attack.
You hit the gnoll.
The gnoll is severely wounded.
The gnoll hits you with a +0 whip.
* * * LOW HITPOINT WARNING * * *
You closely miss the gnoll. You tail-slap the gnoll.
You kill the gnoll!
The adder barely misses you.
You closely miss the adder. The gnoll hits you but does no damage.
The adder bites you but does no damage.
You aren't carrying any potions.
You aren't carrying any potions.
As you read the scroll of fear, it crumbles to dust.
You assume a fearsome visage.
The gnoll looks frightened! x2
The adder looks frightened!
Cornered, the adder turns to fight!
You hit the adder.
You tail-slap the adder, but do no damage.
The adder is lightly wounded.
The adder bites you but does no damage. The adder bites you.
* * * LOW HITPOINT WARNING * * *
You are lethally poisoned!
The adder poisons you!
You aren't carrying any potions.
Unknown command.
You barely miss the adder.
The adder is lightly wounded.
You die...

#### #.. #.#
#@# #S# #.#
#g#
#.###.#######
#....g.......
######.#######
#......#)....
#####........


You could see 2 gnolls and an adder.

Vanquished Creatures
  2 adders (D:2)
  A gnoll (D:2)
  3 dart slugs (D:1)
  3 endoplasms
  3 goblins (D:1)
  2 hobgoblins (D:1)
  3 kobolds (D:1)
  A quokka (D:1)
  2 ball pythons
  4 bats (D:1)
  4 frilled lizards (D:1)
  2 rats (D:1)
30 creatures vanquished.

Notes
Turn   | Place    | Note
-------+----------+-------------------------------------------
     0 | D:1      | xian the Palentonga Wanderer began the quest for the Orb.
     0 | D:1      | xian set off with the following items: a +0 club, a +0
                  | helmet, a scroll of fear, a +0 leather armour, a +0 buckler
                  | of protection; and the following spell memorised:
                  | Apportation; and the following spells available to
                  | memorise: Gell's Gravitas
     0 | D:1      | Reached XP level 1. HP: 16/16 MP: 2/2
   100 | D:1      | Reached XP level 2. HP: 22/22 MP: 3/3
   854 | D:1      | Reached XP level 3. HP: 27/27 MP: 4/4
  1156 | D:2      | Succumbed to an adder's poison

Illustrated notes

Levels and vault maps discovered:
D:1:      saegor_arrival_under_anarchy, layout_loops_corners,
          minmay_split_cup_large
D:2:      layout_basic, dk_noncrumbling_4, uniq_crazy_yiuf_cottage

Skill      XL: |  1  2 |
---------------+-------+-----
Shields        | 2 |  2.3
Fighting       | |  1.1
Short Blades   | |  0.6
Maces & Flails | |  0.5
Armour         | |  0.2
Dodging        | |  1.3
Stealth        | |  2.4
Spellcasting   | |  1.0
Translocations | |  2.5

Action                   || total
-------------------------++-------
Melee: Club              ||    16
       Short sword       ||    72
       Tailslap          ||    12
 Abil: Rolling Charge    ||    27
  Use: Scroll            ||     6
Armor: Leather armour    ||    36
Dodge: Dodged            ||    31
Block: Buckler           ||    15

Table legend: (Time is in decaauts)
 A = Elapsed time spent in this place.
 B = Non-inter-level travel time spent in this place.
 C = Inter-level travel time spent in this place.
 D = Time resting spent in this place.
 E = Time spent auto-exploring this place.
 F = Levels seen in this place.
 G = Mean time per level.
                   A        B        C        D        E       F      G
               +--------+--------+--------+--------+--------+-----+--------+
         Total |   1170 |   1148 |     22 |      0 |    915 |   2 |  585.0 |
       Dungeon |   1170 |   1148 |     22 |      0 |    915 |   2 |  585.0 |
               +--------+--------+--------+--------+--------+-----+--------+

Top non-repeatable levels by time:
     D:1: 1042 daAuts
     D:2: 127 daAuts
